 Dungeon Crawl Stone Soup version 0.23.0-2-g0fe3ce5 (webtiles) character file.

Game seed: 8555793722718023540

104 Kairos the Slasher (level 4, 0/24 HPs)
             Began as a Vine Stalker Monk on Feb 19, 2019.
             Slain by an adder (2 damage)
             ... on level 3 of the Dungeon.
             The game lasted 00:03:26 (2102 turns).

Kairos the Slasher (Vine Stalker Monk)              Turns: 2102, Time: 00:03:26

Health: 0/24       AC:  7    Str: 15    XL:     4   Next: 80%
Magic:  0/5        EV: 12    Int: 10    God:
Gold:   119        SH:  0    Dex: 16    Spells: 3/3 levels left

rFire    . . .     SeeInvis .   a - +0 falchion
rCold    . . .     Gourm    .   (no shield)
rNeg     . . .     Faith    .   i - +0 ring mail
rPois    .         Spirit   +   e - +1 hat
rElec    .         Reflect  .   h - +0 cloak
rCorr    .         Harm     .   (no gloves)
MR       .....                  (no boots)
Stlth    ++........             (no amulet)
HPRegen  0.48/turn              (no ring)
MPRegen  0.09/turn              (no ring)

@: lethally poisoned (0 -> 0)
A: fangs 2, regeneration 1, magic shield, antimagic bite, no potion heal 3, rot
immunity
a: no special abilities


You were on level 3 of the Dungeon.
You were very hungry.

You visited 1 branch of the dungeon, and saw 3 of its levels.

You collected 119 gold pieces.

Inventory:

Hand Weapons
 a - a +0 falchion (weapon)
Armour
 b - a +0 robe
 e - a +1 hat (worn)
 h - a +0 cloak (worn)
 i - a +0 ring mail (worn)
Scrolls
 d - a scroll of identify
 f - a scroll of enchant weapon {unknown}
 g - a scroll of immolation
 j - a scroll of enchant armour {unknown}
 l - a scroll of blinking {unknown}
Potions
 k - a potion of resistance {unknown}
Comestibles
 c - 4 rations


   Skills:
 + Level 3.2 Fighting
 + Level 3.6 Long Blades
 + Level 0.4 Armour
 + Level 2.8 Dodging
 * Level 3.5 Stealth


You had 3 spell levels left.
You didn't know any spells.
Your spell library was empty.

Dungeon Overview and Level Annotations

Branches:
Dungeon (3/15)

Altars:


Innate Abilities, Weirdness & Mutations

You have extremely sharp teeth.
Your natural rate of healing is unusually fast.
When hurt, damage is shared between your health and your magic reserves.
Your bite disrupts and absorbs the magic of your enemies.
Potions cannot restore your health.
You are immune to rotting.


Message History

The adder is heavily wounded.
The adder bites you but does no damage.
The hobgoblin hits you but does no damage.
The goblin hits you with a +0 dagger. The adder bites you but does no damage.
You miss the adder. Your bite misses the adder.
The adder is heavily wounded.
The hobgoblin barely misses you. The adder bites you.
* * * LOW HITPOINT WARNING * * *
The goblin closely misses you.
Unknown command.
You closely miss the adder.
The adder is heavily wounded.
You are feeling very hungry.
You feel sick. The hobgoblin closely misses you.
The adder bites you but does no damage. The goblin closely misses you.
You riposte.
Your ring mail prevents you from hitting the goblin.
The goblin is severely wounded.
The adder bites you.
You die...

##........##.
#............#
#.........##.#
#.$.......# .##
#.........##..###.
#.......$...#.....
##................
#...........).....
#(.<......@g......
#†.......Sg†......
#..........)......
#.................
##................
##...............
##########.#####
... ...


You could see an adder, a hobgoblin and a goblin.

Vanquished Creatures
  2 gnolls
  An adder (D:2)
  3 worms (D:2)
  2 dart slugs
  A leopard gecko (D:1)
  6 orcs (D:3)
  3 goblins
  7 hobgoblins
  6 jackals (D:2)
  5 bats
  3 frilled lizards
  10 kobolds
  8 rats
57 creatures vanquished.

Notes
Turn   | Place    | Note
-------+----------+-------------------------------------------
     0 | D:1      | Kairos the Vine Stalker Monk began the quest for the Orb.
     0 | D:1      | Reached XP level 1. HP: 11/11 MP: 2/2
    69 | D:1      | Reached XP level 2. HP: 8/16 MP: 1/3
   726 | D:2      | Reached XP level 3. HP: 20/20 MP: 4/4
  1531 | D:2      | Gained mutation: Your natural rate of healing is unusually
                  | fast. [Vine Stalker growth]
  1531 | D:2      | Reached XP level 4. HP: 24/24 MP: 5/5
  2102 | D:3      | Slain by an adder

Skill      XL: |  1  2  3 |
---------------+----------+-----
Long Blades    | 3 |  3.6
Fighting       | 3 |  3.2
Stealth        | 3 |  3.5
Armour         | |  0.4
Dodging        | |  2.8

Action                   |  1- 3 |  4- 6 || total
-------------------------+-------+-------++-------
Melee: Falchion          |    86 |    62 ||   148
       Bite              |    32 |    17 ||    49
  Use: Scroll            |       |     2 ||     2
 Stab: Sleeping          |     6 |     1 ||     7
  Eat: Chunk             |     2 |     1 ||     3
Armor: Robe              |     2 |       ||     2
       Ring mail         |    20 |    39 ||    59
Dodge: Dodged            |    55 |    63 ||   118
       Rpst.: Falchion   |    18 |    22 ||    40
